 Dungeon Crawl Stone Soup version 0.32-a0-999-gfa1cc04b1d (webtiles) character file.

Game seed: 9297041541156201122

7500 Cancer the Mimic (level 11, -2/69 HPs)
             Began as an Octopode Shapeshifter on Apr 24, 2024.
             Was a Priest of Makhleb.
             Slain by a hornet (11 damage)
             ... on level 9 of the Dungeon.
             The game lasted 00:38:05 (9004 turns).

Cancer the Mimic (Octopode Shapeshifter)            Turns: 9004, Time: 00:38:06

Health: -2/69      AC:  5    Str: 25    XL:     11   Next: 16%
Magic:  14/14      EV: 17    Int: 12    God:    Makhleb [***...]
Gold:   876        SH:  0    Dex: 11    Spells: 12/14 levels left

rFire   . .          .
                       - Unarmed
rCold   . . .        (shield currently unavailable)
rNeg    . . .        (helmet restricted)
rPois   .            n - amulet of the acrobat
rElec   .            l - +4 ring of protection
rCorr   .            J - +6 ring of strength
SInv    .            (no ring)
Will    .....        (no ring)
Stlth   ++           (no ring)
HPRegen 0.31/turn    (no ring)
MPRegen 0.14/turn    (no ring)
                     (no ring)

%: acrobat
@: flux-form, slowed, glowing, very slow
A: glow, contaminating, almost no armour, amphibious, 8 rings, camouflage 1,
gelatinous body 1, (nimble swimmer 1), tentacles
a: Begin Untransformation, Renounce Religion, Minor Destruction, Lesser Servant
of Makhleb


You were on level 9 of the Dungeon.
You worshipped Makhleb.
Makhleb was most pleased with you.
You were something dangerously unstable.
You visited 2 branches of the dungeon, and saw 10 of its levels.
You also visited: Ossuary and Bailey.

You collected 876 gold pieces.

Inventory:

Hand Weapons
 L - a +3 hand axe
Magical Staves
 D - a staff of death
 I - a staff of death
Jewellery
 k - an amulet of reflection
 l - a +4 ring of protection (left tentacle)
 n - an amulet of the acrobat (around mantle)
 y - the Hermit's Pendant {Faith Invo=14 Evo=0 MP+5}
   (You found it on level 4 of the Dungeon)

   [amulet of faith]

   Invo=14: It sets your Invocations skill to 14.
   Evo=0: It sets your Evocations skill to 0.
   Faith:     It allows you to gain divine favour quickly.
   MP+5:      It affects your magic capacity (+5).
 J - a +6 ring of strength (right tentacle)
Talismans
 b - a beast talisman
 c - a flux talisman (active)
Wands
 F - a wand of paralysis (23)
 G - a wand of polymorph (11)
 H - a wand of mindburst (2)
 K - a wand of flame (29)
Scrolls
 d - 2 scrolls of immolation
 e - 4 scrolls of fog
 f - 3 scrolls of enchant weapon
 g - 4 scrolls of identify
 h - 5 scrolls of teleportation {unknown}
 i - 2 scrolls of vulnerability {unknown}
 m - 3 scrolls of revelation {unknown}
 o - 4 scrolls of noise {unknown}
 p - 2 scrolls of poison {unknown}
 t - a scroll of brand weapon {unknown}
 B - 2 scrolls of blinking {unknown}
 C - a scroll of fear {unknown}
 M - a scroll of acquirement
 N - 5 scrolls of enchant armour
 O - 4 scrolls of summoning
 Q - a scroll of amnesia {unknown}
Potions
 a - 4 potions of heal wounds {unknown}
 j - 2 potions of curing
 q - 4 potions of mutation {unknown}
 r - 3 potions of cancellation {unknown}
 s - 3 potions of degeneration {unknown}
 u - 8 potions of haste
 v - 2 potions of enlightenment {unknown}
 w - 3 potions of might {unknown}
 x - a potion of ambrosia {unknown}
 z - a potion of lignification
 A - 3 potions of brilliance {unknown}
 E - a potion of invisibility {unknown}
 P - a potion of attraction {unknown}
 R - a potion of resistance {unknown}


   Skills:
 - Level 4.0 Fighting
 - Level 4.0 Dodging
 - Level 6.0 Stealth
 + Level 8.4 Unarmed Combat
 - Level 2.0 Spellcasting
 - Level 3.0 Translocations
 + Level 12.0 Shapeshifting


You had 12 spell levels left.
You knew the following spells:

 Your Spells              Type           Power      Damage    Failure   Level
a - Blink                 Tloc           16%        N/A       12%         2

Your spell library contained the following spells:

 Spells                   Type           Power      Damage    Failure   Level
 Magic Dart               Conj           4%         1d3       26%         1
 Summon Small Mammal      Summ           4%         N/A       26%         1
 Call Imp                 Summ           2%         N/A       38%         2
 Jinxbite                 Hex            2%         N/A       38%         2
 Call Canine Familiar     Summ           1%         N/A       63%         3
 Leda's Liquefaction      Alch/Erth      0%         N/A       95%         4
 Summon Blazeheart Golem  Fire/Summ      1%         N/A       95%         4
 Irradiate                Conj/Alch      0%         3d11      100%        5
 Lee's Rapid Deconstruct  Erth           0%         3d4*      100%        5
 Yara's Violent Unravell  Hex/Alch       0%         3d3       100%        5
 Permafrost Eruption      Ice/Erth       0%         2x4d1     100%        6
 Enfeeble                 Hex            0%         N/A       100%        7
 Rimeblight               Ice/Necr       0%         2d3       (prima100%   7


Dungeon Overview and Level Annotations

Branches:
Dungeon (9/15)             Temple (1/1) D:7            Lair (0/5) D:8
Ossuary (visited)          Bailey (visited)
    Orc: D:9-12

Altars:
Ashenzari
Dithmenos
Elyvilon
Fedhas
Gozag
Hepliaklqana
Kikubaaqudgha
Makhleb
Nemelex Xobeh
Okawaru
Qazlal
Ru
Sif Muna
Trog
Uskayaw
Vehumet
Wu Jian
Xom
Yredelemnul
The Shining One

Shops:
D:2 (   D:7 :

Annotations:
D:1 lign,10mind
D:5 wall


Innate Abilities, Weirdness & Mutations

You are something dangerously unstable.
You glow with magical radiation, making you easy to see and hit.
Foes you strike become dangerously contaminated with magical radiation.
You are incapable of wielding weapons or throwing items.
You cannot wear most types of armour.
You are amphibious.
You can wear up to eight rings at the same time.
Your skin changes colour to match your surroundings (Stealth+).
Your rubbery body absorbs attacks. (AC +1, EV +1)
((You are camouflaged when in or above water. (Stealth+)))
You have tentacles for arms and can constrict up to eight enemies at once.


Message History

Makhleb accepts your kill.
You feel better.
Things that are here:
a +0 dagger; a +0 robe
O - 4 scrolls of summoning (gained 1)
A hornet comes into view.
The hornet buzzes angrily.
You closely miss the hornet. Your grab misses the hornet.
Your squeeze misses the hornet. The hornet stings you!
You feel yourself slow down. The hornet stings you!
You feel as though you will be slow longer.
You closely miss the hornet. Your grab misses the hornet.
The hornet stings you.
You suddenly lose the ability to move!
The hornet stings you!
You are poisoned.
You feel as though you will be slow longer.
The hornet stings you!
* * * LOW HITPOINT WARNING * * *
You are lethally poisoned!
You feel as though you will be slow longer.
* * * LOW HITPOINT WARNING * * *
You feel very sick. The hornet completely misses you.
You can move again.
You feel better. The hornet closely misses you. The hornet stings you!
* * * LOW HITPOINT WARNING * * *
You are poisoned.
You feel as though you will be slow longer.
The hornet barely misses you.
Unknown command.
You feel better. The hornet barely misses you. The hornet stings you!
* * * LOW HITPOINT WARNING * * *
You feel as though you will be slow longer.
You closely miss the hornet. You grab the hornet. You constrict the hornet.
The hornet stings you but does no damage.
The hornet closely misses you.
You tentacle-slap the hornet.
The hornet begins to glow.
The hornet is moderately wounded.
You constrict the hornet! The hornet barely misses you. The hornet stings you!
You die...

##.####
#...#.##
......## ..
......##
#...#......#
....#.....#
.......y..#
.......p..##
.........?.##
............#
............#
............#
............#
...........###
.............##
.............#


You could see a hornet (contam).

Vanquished Creatures
  The ghost of BigDaddyOpFi the Covert, a novice OpWn of Qazlal (D:7)
  3 orc knights (Bailey)
  Maurice (D:8)
  2 wyverns (D:8)
  3 yaks (D:9)
  A basilisk (D:8)
  Menkaure (D:5)
  5 water moccasins
  3 black bears (D:8)
  10 orc warriors
  A sky beast (D:8)
  2 ogres
  2 centaurs
  A wolf (D:8)
  3 phantoms (D:5)
  A kobold brigand (D:9)
  3 bullfrogs
  A gnoll sergeant (D:6)
  5 scorpions
  3 howler monkeys
  2 jellies
  4 orc priests
  2 bombardier beetles
  2 hounds
  An iron imp (D:4)
  8 iguanas
  7 orc wizards
  8 mummies (Ossuary)
  3 gnolls (D:6)
  11 adders
  2 white imps
  3 dart slugs
  3 ribbon worms
  46 orcs
  6 ball pythons
  6 bats
  8 endoplasms
  6 giant cockroaches
  3 gnoll zombies (Ossuary)
  10 goblins
  11 hobgoblins
  6 jackals
  3 quokkas
  2 frilled lizards
  2 hobgoblin zombies (Ossuary)
  7 kobolds
  2 kobold zombies (Ossuary)
  An orc zombie (Ossuary)
  4 rats
231 creatures vanquished.

Notes
Turn   | Place    | Note
-------+----------+-------------------------------------------
     0 | D:1      | Cancer the Octopode Shapeshifter began the quest for the
                  | Orb.
     0 | D:1      | Reached XP level 1. HP: 13/13 MP: 1/1
    45 | D:1      | Reached skill level 1 in Stealth
    79 | D:1      | Reached XP level 2. HP: 18/18 MP: 2/2
   538 | D:1      | Reached XP level 3. HP: 23/23 MP: 3/3
  1095 | D:2      | Reached skill level 5 in Stealth
  1099 | D:2      | Found Gol Anuw's Antique Weapon Shoppe.
  1128 | D:2      | Reached XP level 4. HP: 28/28 MP: 4/4
  1715 | D:3      | Reached XP level 5. HP: 33/33 MP: 5/5
  2117 | D:4      | Noticed a water moccasin
  2141 | D:4      | Killed a water moccasin
  2142 | D:4      | Reached skill level 4 in Shapeshifting
  2142 | D:4      | Reached XP level 6. HP: 38/38 MP: 6/6
  2257 | D:4      | Reached skill level 5 in Shapeshifting
  2265 | D:4      | Found a sacrificial altar of Ru.
  2310 | D:4      | Found a sand-covered staircase.
  2347 | Ossuary  | Entered an ossuary
  2594 | Ossuary  | Reached XP level 7. HP: 43/43 MP: 7/7
  2604 | Ossuary  | Reached skill level 6 in Shapeshifting
  2809 | D:4      | Found a faded altar of an unknown god.
  2809 | D:4      | Found the Hermit's Pendant {Faith Invo=14 Evo=0 MP+5}
  3188 | D:4      | Found a sparkling altar of Nemelex Xobeh.
  3189 | D:4      | Found an opulent altar of Gozag.
  3546 | D:4      | Found a burning altar of Makhleb.
  3587 | D:4      | Became a worshipper of Makhleb the Destroyer
  3840 | D:5      | Entered Level 5 of the Dungeon
  3842 | D:5      | Noticed Menkaure
  3922 | D:5      | Killed Menkaure
  3923 | D:5      | Reached skill level 7 in Shapeshifting
  3991 | D:5      | Reached XP level 8. HP: 49/50 MP: 8/8
  4867 | D:6      | Reached skill level 5 in Unarmed Combat
  4871 | D:6      | Reached * piety under Makhleb
  4939 | D:6      | Learned a level 2 spell: Blink
  5440 | D:7      | Noticed BigDaddyOpFi's ghost (novice OpWn)
  5569 | D:7      | Reached XP level 9. HP: 22/58 MP: 9/9
  5616 | D:7      | Found Vis Cun's Book Shoppe.
  5635 | D:7      | Found a flagged portal.
  5650 | Bailey   | Entered a bailey
  5904 | Bailey   | Reached skill level 1 in Spellcasting
  6225 | Bailey   | Noticed an orc knight
  6290 | Bailey   | Killed an orc knight
  6294 | Bailey   | Noticed an orc knight
  6303 | Bailey   | Killed an orc knight
  6304 | Bailey   | Reached skill level 8 in Shapeshifting
  6359 | Bailey   | Noticed an orc knight
  6558 | Bailey   | Killed an orc knight
  6559 | Bailey   | Reached skill level 9 in Shapeshifting
  6559 | Bailey   | Reached XP level 10. HP: 18/63 MP: 13/13
  6906 | D:7      | Found a staircase to the Ecumenical Temple.
  6919 | D:7      | Found a runed translucent door.
  6946 | Temple   | Entered the Ecumenical Temple
  7058 | D:7      | Reached ** piety under Makhleb
  7474 | D:8      | Got the Compendium of Differential Freezing
  7486 | D:8      | Reached skill level 10 in Shapeshifting
  7695 | D:8      | Found a blossoming altar of Fedhas.
  8157 | D:8      | Noticed Maurice
  8320 | D:8      | Found a staircase to the Lair.
  8337 | D:8      | Reached skill level 11 in Shapeshifting
  8487 | D:7      | Killed BigDaddyOpFi's ghost
  8590 | D:8      | Found a hide-covered altar of Uskayaw.
  8620 | D:8      | Maurice stole a beast talisman
  8628 | D:8      | Killed Maurice
  8628 | D:8      | Reached *** piety under Makhleb
  8629 | D:8      | Reached XP level 11. HP: 60/69 MP: 14/14
  8828 | D:9      | Reached skill level 12 in Shapeshifting
  8998 | D:9      | Paralysed by a hornet for 3 turns
  9004 | D:9      | Slain by a hornet

Illustrated notes

Levels and vault maps discovered:
D:1:      wheals_arrival_shading, layout_loops_ring
D:2:      layout_rooms, serial_shops, shop
D:3:      layout_rooms, grunt_decor_arrowhead, serial_park_tiny_1,
          serial_bayou_lagoon_a, st_stairs_5, dk_noncrumbling_2
D:4:      layout_basic, demons_altar, grunt_temple_overflow_opulence,
          mainiacjoe_overflow_cross_hatched, nicolae_ossuary_entry_monument,
          hellmonk_guarded_unrand_hermit
D:5:      cheibrodos_quashed, layout_cave_pools, serial_bayou,
          serial_bayou_pond_e, serial_bayou_crossing, serial_bayou_ford_a,
          serial_bayou_pond_e, minmay_fractal_squares_diagonal_5, uniq_menkaure
D:6:      layout_basic
D:7:      layout_basic, minmay_temple_entry_poolview, serial_shops,
          nicolae_take_the_stairs, hellmonk_ghost_happy_afterlife,
          enter_bailey_2, kennysheep_generic_room_11
D:8:      layout_gridville, eat_drink_and_be_merry_uskayaw,
          mainiacjoe_overflow_brackets, minmay_lair_entry_grove,
          amcnicky_mini_pool_small, uniq_maurice
D:9:      cheibrodos_elevator_heist, layout_cross,
          gammafunk_temple_overflow_elements, serial_shops, shop
Temple:   nicolae_temple_ecumenical_triangle

Skill      XL: |  1  2  3  4  5  6  7  8  9 10 11 |
---------------+----------------------------------+-----
Stealth        | 2 3 5 6 |  6.0
Shapeshifting  | 4 5 7 9 11 12 | 12.0
Fighting       | 2 4 |  4.0
Dodging        | 4 |  4.0
Unarmed Combat | 6 8 |  8.4
Translocations | 3 |  3.0
Spellcasting   | 2 |  2.0

Action                     |  1- 3 |  4- 6 |  7- 9 | 10-12 || total
---------------------------+-------+-------+-------+-------++-------
  Melee: Unarmed           |    55 |    99 |   186 |   187 ||   527
         Constrict         |    12 |    30 |    60 |    47 ||   149
         Tentacles         |     9 |    25 |    50 |    58 ||   142
         Punch             |     2 |     1 |     3 |       ||     6
  Evoke: Wand              |       |       |    10 |       ||    10
    Use: Potion            |       |     1 |       |     2 ||     3
         Scroll            |       |       |     4 |       ||     4
   Stab: Sleeping          |    15 |     8 |    13 |     2 ||    38
         Distracted        |       |       |       |     1 ||     1
 Armour: Skin              |    20 |    41 |    78 |    77 ||   216
  Dodge: Dodged            |    20 |    33 |   110 |   177 ||   340
  Block: Other             |       |     2 |     8 |       ||    10
   Form: Flux              |       |       |     1 |       ||     1

Table legend: (Time is in decaauts)
 A = Elapsed time spent in this place.
 B = Non-inter-level travel time spent in this place.
 C = Inter-level travel time spent in this place.
 D = Time resting spent in this place.
 E = Time spent auto-exploring this place.
 F = Levels seen in this place.
 G = Mean time per level.
                   A        B        C        D        E       F      G
               +--------+--------+--------+--------+--------+-----+--------+
         Total |   8955 |   8211 |    744 |    856 |   4180 |  12 |  746.2 |
       Dungeon |   7447 |   6703 |    744 |    256 |   3912 |   9 |  827.4 |
        Temple |      1 |      1 |      0 |      0 |      0 |   1 |    1.0 |
       Ossuary |    406 |    406 |      0 |    102 |     79 |   1 |  406.0 |
        Bailey |   1099 |   1099 |      0 |    498 |    189 |   1 | 1099.0 |
               +--------+--------+--------+--------+--------+-----+--------+

Top non-repeatable levels by time:
     D:4: 1479 daAuts
     D:7: 1117 daAuts
  Bailey: 1099 daAuts
     D:8: 963 daAuts
     D:1: 867 daAuts
     D:5: 825 daAuts
     D:6: 706 daAuts
     D:3: 695 daAuts
     D:2: 491 daAuts
 Ossuary: 406 daAuts
     D:9: 301 daAuts
  Temple: 1 daAuts
